Map: Catalyst LE

Players

Eventide - Winner!

  • Race: Protoss Protoss
  • League: Diamond
  • Spawn Location: 5:00

Plasmid

  • Race: Zerg Zerg
  • League: Diamond
  • Spawn Location: 11:00

VOD

Have the link to the VOD?

Description

Time

  • Played on: March 7, 2018, 10:18 p.m.
  • Length: 16:55
Show
View Real Time Build Order
Export as new Build Order

Eventide Protoss - Winner!

Build Orders: 1 Gate Expand, Zealot Archon 

Get SALT Encoding   

  12  0:01  Probe  
  13  0:13  Probe  
  14  0:23  Pylon  
  14  0:25  Probe  
  15  0:41  Probe (Chrono Boost)  
  16  0:44  Gateway  
  16  0:50  Assimilator  
  16  0:53  Probe (Chrono Boost)  
  17  0:58  Probe (Chrono Boost)  
  18  1:07  Probe (Chrono Boost)  
  19  1:17  Probe (Chrono Boost)  
  20  1:22  Probe (Chrono Boost)  
  21  1:32  Nexus  
  21  1:34  Probe  
  22  1:45  Cybernetics Core  
  22  1:48  Probe  
  23  1:55  Assimilator  
  23  2:06  Pylon  
  23  2:19  Warp Gate (Chrono Boost)  
  23  2:24  Adept, Probe  
  26  2:32  Twilight Council  
  27  2:37  Probe (Chrono Boost)  
  27  2:44  Probe (Chrono Boost)  
  27  2:45  Gateway  
  31  2:51  Sentry  
  31  2:53  Probe (Chrono Boost)  
  31  2:55  Probe (Chrono Boost)  
  32  3:01  Gateway  
  32  3:07  Probe  
  32  3:09  Probe, Pylon  
  32  3:12  Resonating Glaives (Chrono Boost)  
  34  3:21  Pylon  
  34  3:23  Probe  
  35  3:27  Adept  
  35  3:30  Probe  
  38  3:39  Adept  
  38  3:40  Probe  
  41  3:51  Probe  
  41  3:52  Probe  
  43  3:59  Robotics Facility  
  43  4:03  Probe  
  43  4:04  Probe, Stalker  
  47  4:15  Probe  
  48  4:19  Pylon  
  48  4:20  Stalker x2  
  52  4:25  Probe  
  52  4:27  Probe  
  52  4:28  Assimilator  
  52  4:30  Assimilator  
  54  4:37  Probe  
  55  4:39  Probe  
  55  4:42  Templar Archives  
  56  4:45  Gateway  
  56  4:49  Observer, Probe, Pylon  
  56  4:51  Probe  
  56  4:52  Adept  
  61  4:54  Adept  
  61  4:58  Adept  
  65  5:01  Probe  
  65  5:03  Probe  
  67  5:13  Probe  
  68  5:15  Adept  
  68  5:16  Adept  
  68  5:21  Adept  
  74  5:29  Psionic Storm  
  74  5:47  Nexus, Zealot x2  
  74  5:49  Pylon  
  78  5:50  Pylon  
  78  5:52  Assimilator  
  78  6:04  Pylon  
  78  6:06  Pylon  
  78  6:07  Probe x2  
  78  6:09  High Templar  
  78  6:10  High Templar  
  84  6:14  High Templar  
  84  6:15  Archon  
  86  6:19  Probe x2  
  86  6:23  Forge x2  
  88  6:25  Gateway  
  88  6:26  Adept  
  88  6:28  Pylon  
  90  6:34  Immortal  
  90  6:38  Gateway  
  94  6:42  High Templar  
  94  6:45  Probe, High Templar  
  94  6:46  Probe  
  100  6:49  Archon  
  100  6:58  Probe, Protoss Ground Weapons Level 1 (Chrono Boost)  
  100  7:00  Zealot x2  
  105  7:05  Photon Cannon  
  105  7:06  Assimilator, Probe x2  
  105  7:08  Protoss Ground Armor Level 1 (Chrono Boost)  
  107  7:19  Immortal  
  107  7:22  Charge (Chrono Boost)  
  111  7:23  Zealot x2  
  115  7:32  Probe x3  
  115  7:36  Photon Cannon  
  118  7:44  Probe  
  119  7:45  Zealot, High Templar x2  
  119  7:46  Zealot x2  
  119  7:49  Archon  
  129  7:57  Photon Cannon  
  129  8:01  Probe x3, Pylon  
  132  8:13  Probe, Stargate  
  132  8:16  Pylon  
  132  8:19  Immortal  
  137  8:23  Probe x2  
  137  8:25  Probe  
  137  8:26  Protoss Ground Weapons Level 2 (Chrono Boost)  
  140  8:35  Probe  
  116  8:51  Zealot x3  
  116  8:55  Probe (Chrono Boost)  
  117  9:00  Probe (Chrono Boost)  
  117  9:01  Probe (Chrono Boost)  
  117  9:05  Probe (Chrono Boost)  
  117  9:09  Probe x2 (Chrono Boost)  
  118  9:10  Probe (Chrono Boost)  
  118  9:13  Pylon  
  118  9:15  Pylon  
  115  9:19  Probe  
  115  9:20  Probe  
  117  9:33  Zealot  
  117  9:34  Zealot x4  
  115  9:40  Immortal (Chrono Boost)  
  117  9:50  Protoss Ground Armor Level 2 (Chrono Boost)  
  117  9:54  Probe (Chrono Boost)  
  117  9:57  High Templar x5  
  117  9:59  Probe x2 (Chrono Boost)  
  130  10:03  Probe (Chrono Boost), Cybernetics Core  
  130  10:06  Gateway  
  133  10:07  Probe x2 (Chrono Boost)  
  133  10:08  Probe (Chrono Boost)  
  134  10:16  Immortal (Chrono Boost), Void Ray (Chrono Boost)  
  134  10:18  Probe  
  143  10:25  Probe x2 (Chrono Boost), Gateway  
  145  10:31  Protoss Ground Weapons Level 3 (Chrono Boost)  
  145  10:34  Probe (Chrono Boost)  
  146  10:37  Probe (Chrono Boost)  
  146  10:42  Probe (Chrono Boost), Pylon  
  149  10:44  Probe (Chrono Boost)  
  149  10:45  Probe (Chrono Boost)  
  149  10:48  Probe, High Templar x2  
  155  10:52  Observer, Sentry  
  155  10:53  Archon  
  157  11:00  Probe x3  
  157  11:03  Immortal  
  164  11:12  Probe  
  165  11:20  Nexus  
  165  11:22  Pylon  
  165  11:40  Probe x3  
  165  11:43  Immortal  
  172  11:52  Probe  
  163  12:00  Probe x2  
  163  12:01  Void Ray  
  169  12:07  Fleet Beacon  
  169  12:11  Stargate  
  169  12:13  Pylon  
  169  12:15  Stargate  
  169  12:28  Immortal  
  171  12:44  Zealot x5  
  173  12:45  Zealot x2  
  173  12:46  Probe (Chrono Boost)  
  173  12:49  Carrier  
  192  13:05  Protoss Ground Armor Level 3 (Chrono Boost)  
  192  13:07  Protoss Shields Level 1 (Chrono Boost)  
  192  13:16  Assimilator  
  192  13:20  Assimilator  
  192  13:23  Photon Cannon, Pylon  
  192  13:24  Pylon  
  192  13:26  Carrier, Graviton Catapult, Photon Cannon  
  194  13:28  Photon Cannon  
  188  13:43  Mothership (Chrono Boost)  
  158  13:50  Zealot  
  158  13:51  Zealot x4  
  158  13:52  Probe (Chrono Boost)  
  136  13:57  Probe x2 (Chrono Boost)  
  136  14:00  Carrier  
  134  14:03  Probe (Chrono Boost), High Templar x2  
  134  14:06  Probe x2 (Chrono Boost)  
  134  14:07  Probe (Chrono Boost)  
  134  14:09  Photon Cannon  
  140  14:11  Photon Cannon  
  140  14:13  Zealot x2  
  140  14:14  High Templar  
  140  14:16  Probe x2  
  144  14:19  Probe (Chrono Boost)  
  144  14:20  High Templar  
  146  14:24  Archon  
  149  14:33  Probe (Chrono Boost)  
  149  14:34  Probe (Chrono Boost)  
  149  14:37  Probe (Chrono Boost)  
  149  14:42  Probe (Chrono Boost)  
  149  14:43  Probe (Chrono Boost)  
  149  14:44  Probe (Chrono Boost)  
  142  14:53  Probe x2  
  142  14:55  Probe  
  142  14:58  Carrier  
  142  14:59  Carrier  
  157  15:05  Probe  
  151  15:14  Observer  
  151  15:19  Zealot  
  151  15:20  Zealot x2  
  153  15:28  Probe  
  153  15:29  Probe x2  
  153  15:31  Photon Cannon  
  153  15:34  Photon Cannon  
  153  15:35  Zealot x3  
  162  15:36  Photon Cannon, High Templar  
  162  15:41  High Templar  
  166  15:45  Archon  
  172  15:54  Assimilator  
  172  15:57  High Templar x2  
  172  15:59  Photon Cannon, Zealot  
  172  16:01  Archon  
  178  16:25  Nexus  
  178  16:33  Nexus  
Show
View Real Time Build Order
Export as new Build Order

Plasmid Zerg 

Build Orders: Hatch First, Lurkers 

Get SALT Encoding   

  12  0:02  Drone  
  13  0:13  Overlord  
  13  0:18  Drone  
  14  0:32  Drone x2  
  16  0:36  Drone  
  17  0:46  Drone  
  18  0:57  Hatchery  
  18  1:01  Drone  
  18  1:02  Extractor  
  17  1:08  Drone  
  18  1:19  Spawning Pool  
  18  1:21  Drone  
  18  1:28  Drone  
  19  1:39  Overlord  
  19  1:54  Drone  
  20  2:02  Overlord  
  20  2:06  Metabolic Boost, Queen  
  22  2:10  Queen  
  22  2:13  Drone  
  25  2:17  Drone  
  27  2:22  Drone  
  27  2:23  Drone  
  28  2:32  Drone  
  28  2:34  Drone  
  30  2:44  Drone  
  30  2:45  Drone  
  32  3:02  Hatchery  
  32  3:03  Drone x3  
  34  3:07  Lair  
  34  3:10  Zergling x2  
  35  3:21  Zergling x4  
  35  3:22  Zergling x10  
  42  3:30  Spore Crawler  
  42  3:31  Spore Crawler  
  42  3:32  Drone  
  42  3:33  Drone  
  42  3:36  Drone  
  43  3:43  Evolution Chamber  
  43  3:45  Evolution Chamber  
  43  3:47  Drone x2  
  43  3:55  Drone  
  44  3:56  Overlord x2  
  43  4:08  Roach Warren  
  43  4:09  Extractor  
  41  4:10  Zerg Missile Weapons Level 1  
  41  4:15  Zerg Ground Armor Level 1  
  41  4:26  Drone  
  41  4:27  Drone x6  
  41  4:31  Extractor  
  47  4:36  Drone  
  47  4:38  Queen  
  50  4:54  Overseer  
  52  5:00  Roach x4  
  58  5:07  Zergling x2  
  58  5:08  Zergling x12  
  58  5:10  Overlord x2  
  65  5:17  Spore Crawler  
  64  5:33  Roach x2  
  64  5:34  Roach x5  
  78  5:44  Overlord x3  
  78  5:49  Baneling Nest  
  77  6:01  Overlord x2  
  77  6:04  Roach  
  77  6:05  Roach x4  
  87  6:13  Drone x2  
  89  6:18  Glial Reconstitution  
  89  6:21  Drone x4  
  89  6:22  Drone  
  94  6:34  Baneling  
  94  6:35  Baneling x4  
  94  6:37  Drone x5  
  99  6:42  Drone  
  99  6:43  Drone x2  
  102  6:51  Overlord  
  102  6:52  Zerg Missile Weapons Level 2  
  102  6:55  Zergling x6  
  105  7:11  Roach x4  
  105  7:14  Overlord x2  
  113  7:23  Overlord x2  
  113  7:31  Overseer  
  113  7:33  Roach x2  
  113  7:34  Roach x5  
  127  7:52  Zergling x8  
  127  7:53  Zergling x12  
  137  8:01  Overlord x2  
  137  8:02  Overlord  
  137  8:12  Infestation Pit, Hydralisk Den  
  135  8:16  Overlord x2  
  135  8:19  Hatchery  
  134  8:22  Drone  
  134  8:23  Drone x7  
  134  8:24  Drone x3  
  142  8:47  Roach  
  142  8:48  Roach x4  
  133  9:08  Hatchery  
  127  9:18  Muscular Augments  
  127  9:19  Hydralisk x6  
  139  9:26  Overseer  
  131  9:46  Hydralisk x5  
  131  9:47  Hydralisk  
  143  10:00  Drone x2  
  143  10:03  Overlord x5  
  145  10:10  Hive  
  145  10:18  Extractor  
  144  10:25  Drone x6  
  144  10:26  Drone x6  
  156  10:32  Zerg Ground Armor Level 2  
  156  10:39  Evolution Chamber  
  155  10:43  Grooved Spines  
  155  10:46  Queen  
  155  10:48  Drone  
  155  10:49  Drone  
  159  10:57  Drone  
  159  10:58  Drone x2  
  159  10:59  Queen  
  164  11:05  Lurker Den  
  163  11:12  Extractor  
  163  11:16  Extractor  
  161  11:19  Hydralisk  
  161  11:20  Hydralisk x4  
  171  11:35  Extractor  
  171  11:37  Extractor  
  171  11:39  Spore Crawler  
  168  11:43  Spine Crawler  
  163  12:07  Spire  
  162  12:26  Hydralisk x3  
  168  12:35  Lurker  
  168  12:36  Lurker x6  
  168  12:37  Lurker  
  172  12:38  Zergling x4  
  172  12:39  Zergling x22  
  185  12:49  Adrenal Glands  
  183  13:11  Overlord  
  183  13:12  Overlord x6  
  183  13:13  Overlord  
  183  13:15  Baneling  
  183  13:16  Baneling x5  
  183  13:17  Baneling  
  125  13:53  Hydralisk  
  125  13:54  Hydralisk x6  
  125  13:55  Hydralisk x9  
  88  14:06  Drone x3  
  91  14:12  Greater Spire  
  91  14:13  Hydralisk  
  93  14:20  Overseer  
  93  14:22  Hatchery, Lurker  
  93  14:23  Lurker x2  
  94  14:24  Zergling x2  
  94  14:25  Zergling x4  
  97  14:35  Hydralisk x4  
  85  15:07  Hydralisk x4  
  85  15:08  Hydralisk x5  
  83  15:36  Corruptor x2  
  87  15:48  Extractor, Drone x5  
  87  15:49  Extractor, Drone x2  
  92  15:50  Hatchery  
  91  15:58  Lurker x2  
  93  16:17  Brood Lord  
Tags
 
Add a new tag
Caveats
  • Supply blocks, unpowered buildings, or Contaminate may cause inaccurate times.
  • Supply counts are checked every 10 seconds.